 Dungeon Crawl Stone Soup version 0.25-a0-843-g6944ee31a2 (webtiles) character file.

Game seed: 5614235385516845255, levelgen mode: deterministic

184280 mortelune the Markscentaur (level 17, -1/154 HPs)
             Began as a Centaur Hunter on Apr 25, 2020.
             Was a High Priest of Okawaru.
             Slain by Rooheesk's ghost (25 damage)
             ... on level 4 of the Lair of Beasts.
             The game lasted 01:46:36 (52750 turns).

mortelune the Markscentaur (Centaur Hunter)        Turns: 52750, Time: 01:46:36

Health: -1/154     AC: 27    Str: 24    XL:     17   Next: 77%
Magic:  21/23      EV: 11    Int: 10    God:    Okawaru [*****.]
Gold:   5430       SH:  0    Dex: 11    Spells: 16/16 levels left

rFire    + + .     SeeInvis .   b - +7 bardiche of Wyrd {drain, rPois rC+ Str+3}
rCold    . . .     Gourm    .   (shield currently unavailable)
rNeg     . . .     Faith    .   Z - +0 fire dragon scales
rPois    +         Spirit   .   A - +0 hat {MR+}
rElec    .         Reflect  .   G - scarf {cloud immunity}
rCorr    .         Harm     .   t - +2 pair of gloves
MR       ++...                  y - +2 centaur barding {Stlth+}
Stlth    ++........             (no amulet)
HPRegen  0.35/turn              F - +6 ring of slaying
MPRegen  0.18/turn              H - +4 ring of protection

@: heroism, berserk cooldown, studying Translocations, very quick
A: large, hooves 3, deformed body, speed 2, mutation resistance 1, tough skin 3,
subdued magic 1
a: Heroism, Finesse, Renounce Religion


You were on level 4 of the Lair of Beasts.
You worshipped Okawaru.
Okawaru was extremely pleased with you.
You were hungry.

You visited 5 branches of the dungeon, and saw 28 of its levels.
You also visited: Ossuary, Bailey and Ice Cave.

You collected 7124 gold pieces.
You spent 1694 gold pieces at shops.

Inventory:

Hand Weapons
 a - the +2 shortbow of Ziutugg {flame, rPois Dex+2 SInv}
   (Okawaru gifted it to you on level 14 of the Dungeon)

   It causes projectiles fired from it to burn those they strike, causing extra
   injury to most foes and up to half again as much damage against particularly
   susceptible opponents.
   It affects your dexterity (+2).
   It protects you from poison.
   It lets you see invisible.
 b - the +7 bardiche of Wyrd (weapon) {drain, rPois rC+ Str+3}
   (You found it in a bailey)

   A truly terrible weapon, it drains the life of those it strikes.
   It affects your strength (+3).
   It protects you from cold.
   It protects you from poison.
 j - the +5 scythe "Finisher" {speed, eviscerate}
   (You found it in a bailey)

   Attacks with this weapon are significantly faster.
 J - a +0 longbow
Missiles
 d - 529 arrows
Armour
 c - the +0 cloak of Ashenzari's Hatred {rPois rF- Str+2}
   (You found it on level 3 of the Lair of Beasts)

   It affects your strength (+2).
   It makes you vulnerable to fire.
   It protects you from poison.
 m - a +0 crystal plate armour
 o - a +0 centaur barding of flying
 t - a +2 pair of gloves (worn)
 y - a +2 centaur barding of stealth (worn)
 A - a +0 hat of magic resistance (worn)
 G - a scarf of cloud immunity (worn)
 S - a scarf of spirit shield
 Z - +0 fire dragon scales (worn)
Jewellery
 h - an uncursed ring of resist corrosion
 p - an uncursed ring of see invisible
 v - an uncursed ring of protection from magic
 F - a +6 ring of slaying (left hand)
 H - a +4 ring of protection (right hand)
 O - an uncursed amulet of rage
 T - an uncursed ring of ice
Wands
 C - a wand of paralysis (16)
 K - a wand of enslavement (16)
 M - a wand of flame (17)
 N - a wand of acid (41)
 P - a wand of iceblast (24)
 Q - a wand of disintegration (11)
 V - a wand of random effects (16)
 X - a wand of digging (9)
Scrolls
 i - 15 scrolls of teleportation
 k - 6 scrolls of immolation
 n - 4 scrolls of magic mapping
 r - 5 scrolls of enchant armour
 x - 9 scrolls of remove curse
 L - 7 scrolls of fog
 R - a scroll of blinking
 U - 4 scrolls of enchant weapon
 W - 2 scrolls of fear
Potions
 e - 7 potions of mutation
 g - 11 potions of curing
 l - 8 potions of haste
 q - 3 potions of resistance
 u - 4 potions of ambrosia
 z - 9 potions of heal wounds
 B - 6 potions of might
 D - 3 potions of cancellation
 E - 6 potions of lignification
 I - 5 potions of berserk rage
 Y - a potion of magic
Books
 s - a manual of Translocations
Miscellaneous
 w - a phantom mirror
Comestibles
 f - 27 rations


   Skills:
 + Level 14.5(19.5) Fighting
   Level 7.4(12.4) Maces & Flails
 * Level 15.7(20.7) Polearms
 - Level 17.6(22.6) Bows
 + Level 7.5(12.5) Armour
 + Level 6.1(11.1) Dodging
 - Level 0.4(5.4) Stealth
 * Level 8.8 Invocations


You had 16 spell levels left.
You didn't know any spells.
Your spell library contained the following spells:

 Spells                   Type           Power        Failure   Level  Hunger
 Apportation              Tloc           #.....       61%         1    ##.....
 Beastly Appendage        Tmut           #.....       61%         1    ##.....
 Freeze                   Ice            #...         61%         1    ##.....
 Infusion                 Chrm           #...         61%         1    ##.....
 Magic Dart               Conj           #...         61%         1    ##.....
 Summon Butterflies       Summ           #.......     61%         1    ##.....
 Blink                    Tloc           N/A          75%         2    ###....
 Call Imp                 Summ           #.......     75%         2    ###....
 Poisonous Vapours        Pois/Air       #.....       75%         2    ###....
 Shroud of Golubria       Chrm/Tloc      #.....       75%         2    ###....
 Slow                     Hex            #.......     75%         2    ###....
 Song of Slaying          Chrm           #.......     75%         2    ###....
 Sticks to Snakes         Tmut           #.......     75%         2    ###....
 Confusing Touch          Hex            #.......     93%         3    ####...
 Conjure Flame            Conj/Fire      #.......     93%         3    ####...
 Frozen Ramparts          Ice            #.....       93%         3    ####...
 Gell's Gravitas          Tloc           #.........   93%         3    ####...
 Lesser Beckoning         Tloc           #.........   93%         3    ####...
 Mephitic Cloud           Conj/Pois/Air  #.......     93%         3    ####...
 Ozocubu's Armour         Chrm/Ice       #.......     93%         3    ####...
 Spectral Weapon          Hex/Chrm       #.......     93%         3    ####...
 Spider Form              Tmut/Pois      #.........   93%         3    ####...
 Stone Arrow              Conj/Erth      #.....       93%         3    ####...
 Teleport Other           Tloc           #.......     93%         3    ####...
 Tukima's Dance           Hex            #.......     93%         3    ####...
 Hailstorm                Conj/Ice       #.......     100%        4    #####..
 Ice Form                 Ice/Tmut       #.......     100%        4    #####..
 Iskenderun's Mystic Bla  Conj/Tloc      #.......     100%        4    #####..
 Passage of Golubria      Tloc           N/A          100%        4    #####..
 Petrify                  Tmut/Erth      #.......     100%        4    #####..
 Summon Ice Beast         Ice/Summ       #.......     100%        4    #####..
 Alistair's Intoxication  Tmut/Pois      #.......     100%        5    ######.
 Blade Hands              Tmut           #.........   100%        5    ######.
 Irradiate                Conj/Tmut      #.........   100%        5    ######.
 Metabolic Englaciation   Hex/Ice        #.........   100%        5    ######.
 Yara's Violent Unravell  Hex/Tmut       #.........   100%        5    ######.
 Conjure Ball Lightning   Conj/Air       #.........   100%        6    #######
 Freezing Cloud           Conj/Ice/Air   #.........   100%        6    #######
 Hydra Form               Tmut           #.........   100%        6    #######
 Invisibility             Hex            #.......     100%        6    #######
 Statue Form              Tmut/Erth      #........    100%        6    #######
 Dragon Form              Tmut           #.........   100%        7    #######
 Ring of Flames           Chrm/Fire      #.........   100%        7    #######
 Spellforged Servitor     Conj/Summ      #.........   100%        7    #######
 Chain Lightning          Conj/Air       #.........   100%        8    #######
 Lehudib's Crystal Spear  Conj/Erth      #.........   100%        8    #######
 Absolute Zero            Ice            #.........   100%        9    #######
 Fire Storm               Conj/Fire      #.........   100%        9    #######


Dungeon Overview and Level Annotations

Branches:
Dungeon (15/15)            Temple (1/1) D:6            Lair (6/6) D:9
 Shoals (0/4) Lair:4        Snake (4/4) Lair:3        Slime (0/5) Lair:6
    Orc (2/2) D:12            Elf (0/3) Orc:2        Vaults (0/5) D:14
 Depths (0/5) D:15        Ossuary (visited)          Bailey (visited)
  IceCv (visited)

Altars:
Ashenzari
Cheibriados
Dithmenos
Elyvilon
Fedhas
Gozag
Hepliaklqana
Kikubaaqudgha
Makhleb
Nemelex Xobeh
Okawaru
Qazlal
Ru
Sif Muna
Trog
Uskayaw
Vehumet
Wu Jian
Xom
Yredelemnul
Zin
The Shining One
Beogh

Shops:
D:7 }   Orc:2 =(!:(

Annotations:
D:12 2 runed translucent doors
Lair:4 Rooheesk's ghost, journeyman DDGl
Snake:3 Asterion
Snake:4 Donald


Innate Abilities, Weirdness & Mutations

You have hooves in place of feet.
Armour fits poorly on your strangely shaped body.
You cover ground very quickly.
You have extremely tough skin. (AC +3)
You are somewhat resistant to further mutation.
Your spells are a little easier to cast, but a little less powerful.


Message History

You feel much better. Rooheesk's ghost barely misses you.
You slash Rooheesk's ghost! Your kick misses Rooheesk's ghost.
Rooheesk's ghost is heavily damaged.
Rooheesk's ghost hits you!
* * * LOW HITPOINT WARNING * * *
Rooheesk's ghost barely misses you.
You closely miss Rooheesk's ghost.
Rooheesk's ghost is moderately damaged.
Rooheesk's ghost hits you.
* * * LOW HITPOINT WARNING * * *
Rooheesk's ghost hits you!
* * * LOW HITPOINT WARNING * * *
You feel yourself speed up.
Being near the torpor snail leaves you feeling lethargic.
You see here 18 bolts.
There is a transporter here.
You enter the transporter and appear at another place.
You feel yourself speed up. Rooheesk's ghost hits you!!
You die...

#...##..#.$:=(....#..>...#.
##..#....###[..##.##.....##
#...##.#.....#..†..#.....#
##...#.Y.#..©.†##..#.....#
#...#..##..#.†..w.#.P).##
#...#....#...#..(##...##
#.#.##......#...©#.....#
##...##.###..#####.#.###
##....###@####......+####
##.+.#.....W.............#
#..........#.##..#......P#
#..........+.....+.......#
#..........#.####........##
#...........## #.....<...#
#........^.## ##......'..
#....P###### #......###
##...## #### ##......# #


You could see Rooheesk's ghost.

Vanquished Creatures
  Vashnia (Snake:4)
  Frances (D:14)
  Gastronok (D:12)
  Kirke (D:12)
  Roxanne (Snake:1)
  A nagaraja (Snake:3)
  An ironheart preserver (D:14)
  Azrael (Snake:2)
  A blizzard demon (IceCv)
  2 ettins (Orc:1)
  Snorg (Lair:4)
  2 fire dragons
  Fannar (D:12)
  Josephine (D:15)
  3 naga warriors
  6 hydras
  10 anacondas
  10 two-headed ogres
  Erica (Lair:2)
  2 centaur warriors
  The ghost of Error4North the Cleaver, a novice HOFi of Okawaru (D:11)
  2 ogre magi
  5 naga sharpshooters
  3 shock serpents
  Nergalle (Lair:4)
  2 salamander mystics
  3 skeletal warriors (D:15)
  4 swamp dragons (Lair:3)
  2 deep trolls
  An unseen horror (D:12)
  2 wizards
  2 naga ritualists
  A necromancer (D:15)
  A lindwurm (Lair:6)
  An orc knight (Bailey)
  A wolf spider (D:15)
  4 orc sorcerers
  5 ugly things
  2 moths of wrath (Lair:4)
  5 cyclopes
  3 salamanders
  8 mana vipers
  5 large abominations (D:13)
  3 manticores
  4 centaur zombies
  A cyclops (shapeshifter) (D:13)
  29 black mambas
  10 naga magi
  2 molten gargoyles (Lair:6)
  2 ice statues (IceCv)
  15 elephants
  5 centaur skeletons
  10 spiny frogs
  2 rime drakes
  2 efreet
  The ghost of Bimenk the Covert, a novice FeVM (D:10)
  11 komodo dragons
  7 kobold demonologists
  2 freezing wraiths
  A rime drake (shapeshifter) (D:12)
  A redback zombie (D:15)
  14 ice devils (IceCv)
  13 trolls
  2 polar bears (D:10)
  A meliai (D:12)
  A hornet (D:8)
  5 slime creatures (D:15)
  7 dream sheep (Lair:5)
  17 blink frogs
  14 hippogriffs
  2 shadows
  5 wraiths (D:15)
  46 yaks
  3 vampires
  8 wyverns
  3 fire elementals (Snake:2)
  3 basilisks
  2 hungry ghosts
  7 hogs
  3 steam dragons
  29 nagas
  Menkaure (D:7)
  A soldier ant (D:8)
  2 wargs (Orc:2)
  10 water moccasins
  An acid dragon (D:14)
  3 porcupines
  28 orc warriors
  An eye of draining (D:15)
  9 hell hounds
  6 sky beasts
  5 ice beasts
  3 black bears
  3 phantoms
  6 centaurs
  30 ogres
  An elf zombie (Ossuary)
  5 crocodiles
  12 big kobolds
  22 bullfrogs
  7 small abominations (D:13)
  5 scorpions
  2 wyvern skeletons
  8 killer bees
  7 wights
  An electric eel (Lair:3)
  5 crimson imps
  5 lava snakes (Lair:6)
  A quasit (D:10)
  9 hounds
  3 bullfrog zombies
  3 bullfrog skeletons
  A human zombie (Ossuary)
  18 orc priests
  14 jellies
  30 orc wizards
  Crazy Yiuf (D:7)
  4 iguanas
  16 worker ants
  A killer bee zombie (D:7)
  A big kobold zombie (Ossuary)
  2 hound zombies
  A hound skeleton (D:7)
  4 mummies (Ossuary)
  2 worker ant zombies
  A howler monkey zombie (D:7)
  21 gnolls
  3 howler monkey skeletons
  10 adders
  2 shadow imps
  7 white imps (IceCv)
  7 ufetubi (IceCv)
  An ooze (Lair:6)
  A worm zombie (D:4)
  An adder skeleton (D:10)
  2 adder zombies
  4 worms
  5 leopard geckos
  110 orcs
  2 ball pythons (D:3)
  7 giant cockroaches
  4 hobgoblins
  2 jackals
  19 kobolds
  4 quokkas
  4 bats
  3 frilled lizards
  A gnoll zombie (Ossuary)
  13 goblins
  2 goblin zombies (Ossuary)
  A hobgoblin zombie (Ossuary)
  A jackal zombie (Ossuary)
  3 kobold zombies (Ossuary)
  8 rats
954 creatures vanquished.

Vanquished Creatures (others)
  A kobold demonologist (D:10)
  A big kobold (D:10)
  An orc wizard (D:12)
  A white imp (IceCv)
  2 ufetubi (IceCv)
  A kobold (D:10)
  8 fungi
  2 plants
17 creatures vanquished.

Grand Total: 971 creatures vanquished

Notes
Turn   | Place    | Note
-------+----------+-------------------------------------------
     0 | D:1      | mortelune the Centaur Hunter began the quest for the Orb.
     0 | D:1      | Reached XP level 1. HP: 17/17 MP: 1/1
   372 | D:1      | Reached XP level 2. HP: 14/24 MP: 2/2
  1276 | D:2      | Reached XP level 3. HP: 19/30 MP: 3/3
  1800 | D:2      | Reached skill level 6 in Bows
  1829 | D:2      | Reached XP level 4. HP: 38/38 MP: 4/4
  3329 | D:3      | Found a shattered altar of Ashenzari.
  3351 | D:3      | Reached XP level 5. HP: 42/45 MP: 5/5
  3750 | D:3      | Found a burning altar of Makhleb.
  3751 | D:3      | Found a shimmering blue altar of Sif Muna.
  3752 | D:3      | Found a glowing golden altar of the Shining One.
  3755 | D:3      | Found an ornate altar of the Wu Jian Council.
  3756 | D:3      | Found a white marble altar of Elyvilon.
  3757 | D:3      | Found an ancient bone altar of Kikubaaqudgha.
  3834 | D:4      | Found a sand-covered staircase.
  3901 | Ossuary  | Entered an ossuary
  3993 | Ossuary  | Reached skill level 7 in Bows
  3993 | Ossuary  | Reached XP level 6. HP: 26/52 MP: 6/6
  4430 | Ossuary  | Reached skill level 1 in Maces & Flails
  5020 | D:4      | Reached skill level 1 in Armour
  5020 | D:4      | Reached XP level 7. HP: 48/60 MP: 7/7
  5781 | D:5      | Entered Level 5 of the Dungeon
  5786 | D:5      | Found a sacrificial altar of Ru.
  5813 | D:5      | Reached skill level 8 in Bows
  6071 | D:5      | Reached skill level 5 in Fighting
  6648 | D:6      | Reached XP level 8. HP: 67/68 MP: 8/8
  7548 | D:6      | Reached skill level 5 in Maces & Flails
  7567 | D:6      | Reached skill level 9 in Bows
  8101 | D:6      | Reached XP level 9. HP: 75/75 MP: 9/9
  8173 | D:6      | Found a staircase to the Ecumenical Temple.
  8602 | D:6      | Found an iron altar of Okawaru.
  8643 | Temple   | Entered the Ecumenical Temple
  8846 | D:6      | Became a worshipper of Warmaster Okawaru
  9020 | D:7      | Noticed Menkaure
  9025 | D:7      | Killed Menkaure
  9168 | D:6      | Reached * piety under Okawaru
  9327 | D:7      | Reached skill level 10 in Bows
 10009 | D:7      | Found a hide-covered altar of Uskayaw.
 10452 | D:7      | Found a runed translucent door.
 10453 | D:7      | Noticed Crazy Yiuf
 10604 | D:7      | Found Qeakhe's Gadget Shop.
 10607 | D:7      | Bought a wand of acid (5) for 180 gold pieces
 10607 | D:7      | Bought a wand of acid (7) for 220 gold pieces
 10841 | D:7      | Killed Crazy Yiuf
 10841 | D:7      | Reached ** piety under Okawaru
 11144 | D:8      | Reached XP level 10. HP: 86/86 MP: 10/10
 11176 | D:8      | Found a blossoming altar of Fedhas.
 11343 | D:8      | Found a sparkling altar of Nemelex Xobeh.
 11893 | D:8      | Found a shimmering altar of Xom.
 11893 | D:8      | Found a bloodstained altar of Trog.
 11904 | D:8      | Found a hide-covered altar of Uskayaw.
 12101 | D:8      | Paralysed by a hornet for 2 turns
 12105 | D:8      | Paralysed by a hornet for 2 turns
 12407 | D:8      | Paralysed by a hornet for 3 turns
 12896 | D:8      | Reached skill level 11 in Bows
 13124 | D:9      | Found a staircase to the Lair.
 13457 | D:10     | Entered Level 10 of the Dungeon
 13530 | D:10     | Found a flagged portal.
 13578 | Bailey   | Entered a bailey
 14356 | Bailey   | Reached skill level 5 in Armour
 14626 | Bailey   | Found the +5 scythe "Finisher" {speed, eviscerate}
 14641 | Bailey   | Noticed an orc knight
 14745 | Bailey   | Killed an orc knight
 15168 | Bailey   | Got an ivory bardiche
 15170 | Bailey   | Identified the +7 bardiche of Wyrd {drain, rPois rC+ Str+3}
                  | (You found it in a bailey)
 15315 | D:10     | Reached *** piety under Okawaru
 15315 | D:10     | Reached skill level 1 in Polearms
 15556 | D:10     | Noticed a two-headed ogre
 15592 | D:10     | Killed a two-headed ogre
 15592 | D:10     | Reached skill level 12 in Bows
 15592 | D:10     | Reached XP level 11. HP: 75/95 MP: 11/11
 15681 | D:10     | Noticed a two-headed ogre
 15688 | D:10     | Killed a two-headed ogre
 15766 | D:10     | Reached **** piety under Okawaru
 16034 | D:10     | Found a runed translucent gate.
 16034 | D:10     | Found a runed translucent gate.
 16034 | D:10     | Found a runed translucent gate.
 16035 | D:10     | Noticed Bimenk's ghost (novice FeVM)
 16041 | D:10     | Identified the +5 whip of Righteous Anger {chaos, Str+2
                  | Int+2 Dex+3}
 16069 | D:10     | Found a bloodstained altar of Trog.
 16660 | D:10     | Received a gift from Okawaru
 16972 | D:10     | Reached skill level 5 in Polearms
 17137 | D:11     | Noticed a soul eater
 17277 | D:11     | Noticed a sixfirhy
 17397 | D:11     | Identified 2 scrolls of acquirement
 17397 | D:11     | Identified the ring "Gynou" {rC+ Int-2 Dex+4 SInv} (You
                  | acquired it on level 11 of the Dungeon)
 17397 | D:11     | Identified the +1 longbow "Hoetabod" {speed, rC+ Str-5
                  | Int+3} (You acquired it on level 11 of the Dungeon)
 17401 | D:11     | Identified the amulet of Diryusy {+Rage MR- Int+5} (You
                  | acquired it on level 11 of the Dungeon)
 17468 | D:11     | Noticed an eight-headed hydra
 17528 | D:11     | Killed an eight-headed hydra
 17528 | D:11     | Received a gift from Okawaru
 17588 | D:11     | Noticed a purple ugly thing
 17598 | D:11     | Killed a purple ugly thing
 17598 | D:11     | Reached skill level 13 in Bows
 18038 | D:11     | Reached ***** piety under Okawaru
 18143 | D:11     | Found a runed translucent gate.
 18144 | D:11     | Noticed Error4North's ghost (novice HOFi)
 18145 | D:11     | Found a runed translucent gate.
 18145 | D:11     | Found a runed translucent gate.
 18168 | D:11     | Received a gift from Okawaru
 18228 | D:11     | Noticed a sixfirhy
 18237 | D:11     | Noticed a sun demon
 18238 | D:11     | Noticed a soul eater
 18569 | D:11     | Reached skill level 10 in Fighting
 18578 | D:11     | Reached XP level 12. HP: 74/106 MP: 12/12
 19101 | D:12     | Noticed Fannar
 19114 | D:12     | Killed Fannar
 19213 | D:12     | Found a staircase to the Orcish Mines.
 19277 | D:12     | Noticed Kirke
 19285 | D:12     | Received a gift from Okawaru
 19631 | D:12     | Noticed Gastronok
 19650 | D:12     | Killed Gastronok
 19846 | D:12     | Found a large runed translucent door.
 19846 | D:12     | Found a large runed translucent door.
 19890 | D:12     | Found a large runed translucent door.
 19890 | D:12     | Found a large runed translucent door.
 19895 | D:12     | Noticed a fire dragon
 19929 | D:12     | Received a gift from Okawaru
 20364 | D:12     | Reached skill level 14 in Bows
 20475 | D:12     | Killed Kirke
 20475 | D:12     | Received a gift from Okawaru
 20475 | D:12     | Received a gift from Okawaru
 20580 | D:12     | Received a gift from Okawaru
 21886 | Lair:1   | Entered Level 1 of the Lair of Beasts
 22714 | Lair:1   | Reached skill level 10 in Polearms
 22754 | Lair:1   | Reached XP level 13. HP: 59/116 MP: 13/13
 22986 | Lair:1   | Received a gift from Okawaru
 24397 | Lair:2   | Noticed Erica
 24409 | Lair:2   | Killed Erica
 24409 | Lair:2   | Reached skill level 15 in Bows
 25797 | Lair:3   | Received a gift from Okawaru
 26096 | Lair:3   | Got a heavily runed cloak
 26107 | Lair:3   | Identified the cursed +0 cloak of Ashenzari's Hatred {rPois
                  | rF- Str+2} (You found it on level 3 of the Lair of Beasts)
 26172 | Lair:3   | Found a transporter.
 26217 | Lair:3   | Found a transporter.
 26382 | Lair:3   | Found a staircase to the Snake Pit.
 27050 | Lair:4   | Found a transporter.
 27338 | Lair:4   | Noticed Nergalle
 27370 | Lair:4   | Killed Nergalle
 27502 | Lair:4   | Found a staircase to the Shoals.
 28337 | Lair:4   | Noticed Snorg
 28350 | Lair:4   | Killed Snorg
 28470 | Lair:4   | Found a transporter.
 28474 | Lair:4   | Noticed Rooheesk's ghost (journeyman DDGl)
 29961 | Lair:5   | Reached skill level 16 in Bows
 29961 | Lair:5   | Reached XP level 14. HP: 126/126 MP: 14/14
 30021 | Lair:6   | Entered Level 6 of the Lair of Beasts
 30185 | Lair:6   | Received a gift from Okawaru
 30192 | Lair:6   | Reached ****** piety under Okawaru
 30530 | Lair:5   | Received a gift from Okawaru
 30980 | Lair:6   | Found a staircase to the Slime Pits.
 32302 | Lair:6   | Found a large runed translucent door.
 32302 | Lair:6   | Found a large runed translucent door.
 32495 | Lair:6   | Received a gift from Okawaru
 33862 | D:7      | Bought a phantom mirror for 300 gold pieces
 33887 | D:7      | Gained mutation: Your spells are a little easier to cast,
                  | but a little less powerful. [potion of mutation]
 33887 | D:7      | Gained mutation: You are somewhat resistant to further
                  | mutation. [potion of mutation]
 34149 | D:13     | Received a gift from Okawaru
 34960 | D:13     | Received a gift from Okawaru
 35534 | D:13     | Identified the Reference Book on Arcane Weapons
 35537 | D:13     | Identified the +3 morningstar of Asmogix {flame, +Blink rF-
                  | Str+9 Int-2} (You found it on level 13 of the Dungeon)
 35664 | D:14     | Noticed Frances
 35675 | D:14     | Killed Frances
 35675 | D:14     | Received a gift from Okawaru
 35678 | D:14     | Got a blackened shortbow {god gift}
 35679 | D:14     | Identified the +2 shortbow of Ziutugg {flame, rPois Dex+2
                  | SInv} (Okawaru gifted it to you on level 14 of the Dungeon)
 35902 | D:14     | Noticed an ironheart preserver
 35903 | D:14     | Found a gate to the Vaults.
 35924 | D:14     | Killed an ironheart preserver
 35924 | D:14     | Reached skill level 17 in Bows
 36462 | D:15     | Entered Level 15 of the Dungeon
 36556 | D:15     | Noticed Josephine
 36562 | D:15     | Killed Josephine
 36569 | D:15     | Received a gift from Okawaru
 36945 | D:15     | Received a gift from Okawaru
 37156 | D:15     | Reached XP level 15. HP: 126/136 MP: 13/15
 37350 | D:15     | Found a staircase to the Depths.
 39076 | Orc:1    | Entered Level 1 of the Orcish Mines
 39624 | Orc:1    | Found a roughly hewn altar of Beogh.
 39854 | Orc:2    | Entered Level 2 of the Orcish Mines
 40503 | Orc:2    | Found Daniphec's Jewellery Boutique.
 40696 | Orc:1    | Reached skill level 1 in Invocations
 41717 | Orc:2    | Found Nolenar's Weapon Boutique.
 41732 | Orc:2    | Found Piczam's Book Shop.
 41759 | Orc:2    | Received a gift from Okawaru
 41885 | Orc:2    | Found Gousch's Weapon Shoppe.
 41993 | Orc:2    | Found Sawic's Distillery.
 42067 | Orc:2    | Bought 2 potions of curing for 72 gold pieces
 42067 | Orc:2    | Bought a potion of haste for 120 gold pieces
 42067 | Orc:2    | Bought a potion of curing for 36 gold pieces
 42067 | Orc:2    | Bought a potion of brilliance for 48 gold pieces
 42067 | Orc:2    | Bought a potion of might for 48 gold pieces
 42067 | Orc:2    | Bought a potion of heal wounds for 60 gold pieces
 42067 | Orc:2    | Bought a potion of heal wounds for 60 gold pieces
 42067 | Orc:2    | Bought a potion of berserk rage for 60 gold pieces
 42091 | Orc:2    | Found a staircase to the Elven Halls.
 42118 | Orc:2    | Bought an uncursed ring of resist corrosion for 280 gold
                  | pieces
 42118 | Orc:2    | Bought an uncursed ring of see invisible for 210 gold
                  | pieces
 42711 | Snake:1  | Entered Level 1 of the Snake Pit
 43690 | Snake:1  | Noticed Roxanne
 43980 | Snake:1  | Killed Roxanne
 44264 | Snake:1  | Reached skill level 5 in Invocations
 45070 | Snake:2  | Reached skill level 5 in Dodging
 45070 | Snake:2  | Reached XP level 16. HP: 146/146 MP: 19/19
 45519 | Snake:2  | Reached skill level 15 in Polearms
 45524 | Snake:2  | Reached XP level 17. HP: 148/152 MP: 19/21
 45764 | Snake:2  | Noticed Azrael
 46090 | Snake:2  | Killed Azrael
 46103 | Snake:2  | Received a gift from Okawaru
 47700 | Snake:3  | Received a gift from Okawaru
 48280 | Snake:3  | Received a gift from Okawaru
 48842 | Snake:4  | Entered Level 4 of the Snake Pit
 48850 | Snake:4  | Noticed Asterion
 49070 | Snake:4  | Found a frozen archway.
 49077 | IceCv    | Entered an ice cave
 50534 | Snake:4  | Noticed Donald
 50534 | Snake:4  | Noticed Vashnia
 50683 | Snake:4  | Received a gift from Okawaru
 50995 | Snake:4  | Killed Vashnia
 51700 | D:10     | Received a gift from Okawaru
 51702 | D:10     | Killed Bimenk's ghost
 51906 | D:11     | Killed Error4North's ghost
 52750 | Lair:4   | Slain by Rooheesk's ghost

Levels and vault maps discovered:
D:1:      shiori_shiawase, layout_basic, nrook_campfire
D:2:      layout_basic, first_ration
D:3:      layout_rooms, minitemple, minmay_close_crescents
D:4:      layout_gridville, enter_ossuary_3, mrwooster_statue_mirror
D:5:      layout_loops_corners, nicolae_ru_awakened_eye
D:6:      layout_cave_pools, okawaru_gym_becter, temple_doors_e
D:7:      layout_basic, basic_altar, serial_shops, kennysheep_mini,
          hangedman_minor_gate_pass, uniq_crazy_yiuf_cottage, uniq_menkaure
D:8:      layout_basic, old_standard_altar, nicolae_overflow_crystal_walls,
          gammafunk_temple_overflow_claw, hangedman_pestilent_swarm
D:9:      layout_cross, lair_entry_dummy
D:10:     cheibrodos_ideogram_h, layout_stronghold, enter_bailey_3,
          gammafunk_ghost_nasty_kobolds, serial_park_tiny_2,
          trog_ov_bears_minmay
D:11:     layout_loops_cross, ebering_ghost_rock_garden
D:12:     layout_stronghold, orc_0_dummy, drop_trap, minivault_26,
          minmay_hollow_rounded_squares, uniq_gastronok, uniq_kirke, uniq_fannar
D:13:     layout_basic, hangedman_decor_riveting, kennysheep_donut,
          kennysheep_minor_cross, laboratory
D:14:     layout_roguey, skrybe_vaults_entry_preservation, uniq_frances
D:15:     grunt_enter_depths_magical_seal, layout_stronghold,
          skrybe_limestone_x, uniq_josephine
Temple:   jpeg_temple_island
Lair:1:   layout_gridlike
Lair:2:   layout_roguey, chequers_serial_rivers_large_b, uniq_erica
Lair:3:   gammafunk_cloud_chamber, layout_chaotic_city,
          minmay_snake_entry_guardpost_medium, st_stairs_3,
          infiniplex_staircase_pool
Lair:4:   layout_roguey, minmay_shoals_entry_beasts,
          gammafunk_ghost_berserking_beasts, uniq_snorg, uniq_nergalle
Lair:5:   layout_long_grid
Lair:6:   cheibrodos_lair_end_hotspot, layout_cave_pods,
          minmay_slime_entry_jelly_boxes
Snake:1:  layout_chambers, st_stairs_7, uniq_roxanne
Snake:2:  layout_chambers, grunt_megastairs_2, uniq_azrael
Snake:3:  layout_onion, drop_trap
Snake:4:  grunt_snake_rune_serpentine_throne, layout_onion_interference,
          portal_ice_cave_entry_pillars_1, serial_bayou_pond_b, uniq_vashnia,
          uniq_aizul, uniq_asterion, uniq_donald
Orc:1:    layout_diamond_mine, basic_altar
Orc:2:    st_orc_open, layout_caves, serial_shops, shop_statue

Skill      XL: |  1  2  3  4  5  6  7  8  9 10 11 12 13 14 15 16 17 |
---------------+----------------------------------------------------+-----
Dodging        | 2 3 5 6 |  6.1
Bows           | 6 7 8 9 10 12 13 14 16 17 | 17.6
Fighting       | 3 4 5 6 7 8 10 11 12 13 14 | 14.5
Maces & Flails | 1 3 5 7 |  7.4
Armour         | 1 2 3 4 5 6 7 |  7.5
Polearms       | 3 7 10 12 13 14 15 | 15.7
Invocations    | 5 8 |  8.8
Stealth        | |  0.4

Action                   |  1- 3 |  4- 6 |  7- 9 | 10-12 | 13-15 | 16-18 || total
-------------------------+-------+-------+-------+-------+-------+-------++-------
Melee: Hand axe          |    40 |    40 |       |       |       |       ||    80
       Kick              |     4 |    40 |    48 |   142 |   152 |    79 ||   465
       Short sword       |       |    18 |       |       |       |       ||    18
       Flail             |       |   139 |   213 |   104 |       |       ||   456
       Scythe            |       |       |       |   105 |       |       ||   105
       Bardiche          |       |       |       |   364 |   481 |   287 ||  1132
 Fire: Shortbow          |    58 |   110 |   293 |   482 |  1000 |   283 ||  2226
       Longbow           |       |       |       |       |    62 |       ||    62
Invok: Heroism           |       |       |       |     5 |     6 |     8 ||    19
       Finesse           |       |       |       |     1 |     3 |     5 ||     9
 Abil: Stop Flying       |       |       |       |       |     1 |     1 ||     2
       Evoke Flight      |       |       |       |       |     1 |       ||     1
Evoke: Wand              |       |       |       |     9 |     2 |       ||    11
  Use: Scroll            |       |     3 |    13 |    13 |    11 |     6 ||    46
       Potion            |       |     2 |       |     2 |     2 |     2 ||     8
  Eat: Chunk             |     2 |     5 |    16 |    23 |    29 |     1 ||    76
       Ration            |       |     1 |       |     3 |     9 |     6 ||    19
Armor: Plate armour      |    72 |   149 |       |       |       |       ||   221
       Ring mail         |     1 |       |       |       |       |       ||     1
       Scale mail        |       |    27 |   118 |       |       |       ||   145
       Steam dragon scal |       |       |    19 |    72 |   425 |       ||   516
       Crystal plate arm |       |       |       |   819 |    23 |   387 ||  1229
       Fire dragon scale |       |       |       |       |       |    50 ||    50
Dodge: Dodged            |     6 |    69 |   129 |   156 |   323 |    94 ||   777

Table legend:
 A = Non-vault XP
 B = Vault XP
 C = Vault XP percentage of total XP
 D = Non-vault monster count
 E = Vault monster count
 F = Vault count percentage of total count
                 A         B        C        D         E       F
            +---------+---------+-------+---------+---------+-------
      Total |  123735 |   87831 |  41.5 |     648 |     307 |  32.1
            +---------+---------+-------+---------+---------+-------
        D:1 |      22 |       0 |   0.0 |      15 |       0 |   0.0
        D:2 |     132 |       0 |   0.0 |      27 |       0 |   0.0
        D:3 |      69 |       6 |   8.0 |      22 |       3 |  12.0
        D:4 |     532 |       6 |   1.1 |      33 |       1 |   2.9
        D:5 |     650 |       0 |   0.0 |      19 |       0 |   0.0
        D:6 |    1711 |     141 |   7.6 |      34 |       1 |   2.9
        D:7 |    1231 |     685 |  35.8 |      28 |       9 |  24.3
        D:8 |    1308 |     440 |  25.2 |      23 |       4 |  14.8
        D:9 |     423 |       0 |   0.0 |       3 |       0 |   0.0
       D:10 |    3093 |    5407 |  63.6 |      20 |      37 |  64.9
       D:11 |    6891 |    1094 |  13.7 |      46 |       2 |   4.2
       D:12 |    2631 |   10447 |  79.9 |      39 |      22 |  36.1
       D:13 |    2426 |    2975 |  55.1 |      13 |      13 |  50.0
       D:14 |    2054 |    4938 |  70.6 |      10 |      10 |  50.0
       D:15 |   10774 |    6734 |  38.5 |      30 |      15 |  33.3
     Lair:1 |    6270 |       0 |   0.0 |      27 |       0 |   0.0
     Lair:2 |    5125 |     907 |  15.0 |      20 |       1 |   4.8
     Lair:3 |    4321 |    5226 |  54.7 |      17 |      14 |  45.2
     Lair:4 |    4718 |    4877 |  50.8 |      10 |       9 |  47.4
     Lair:5 |    6918 |      43 |   0.6 |      25 |       1 |   3.8
     Lair:6 |   10707 |    7516 |  41.2 |      36 |      38 |  51.4
    Snake:1 |    7085 |    3384 |  32.3 |      14 |       3 |  17.6
    Snake:2 |   13972 |    3594 |  20.5 |      23 |      13 |  36.1
    Snake:3 |   20500 |       0 |   0.0 |      41 |       0 |   0.0
    Snake:4 |    2883 |    5073 |  63.8 |       6 |       1 |  14.3
      Orc:1 |    4873 |    4834 |  49.8 |      37 |      13 |  26.0
      Orc:2 |    2416 |   10746 |  81.6 |      30 |      24 |  44.4
    Ossuary |       0 |     275 | 100.0 |       0 |      16 | 100.0
     Bailey |       0 |    1628 | 100.0 |       0 |      26 | 100.0
      IceCv |       0 |    6855 | 100.0 |       0 |      31 | 100.0
            +---------+---------+-------+---------+---------+-------
